 Dungeon Crawl Stone Soup version 0.21.1-1-g345015f (webtiles) character file.

21112 diana the Bludgeoner (level 12, -11/103 HPs)
             Began as a Minotaur Berserker on June 2, 2018.
             Was a High Priest of Trog.
             Killed from afar by a wizard (30 damage)
             ... with a crystal spear
             ... on level 14 of the Dungeon.
             The game lasted 00:25:02 (13663 turns).

diana the Bludgeoner (Minotaur Berserker)          Turns: 13663, Time: 00:25:03

Health: -11/103    AC: 18    Str: 27    XL:     12   Next: 51%
Magic:  11/11      EV: 10    Int:  4    God:    Trog [*****.]
Gold:   747        SH:  2    Dex: 10    Spells: 11/11 levels left

rFire    + . .     SeeInvis .   y - +1 morningstar (protect)
rCold    . . .     Gourm    .   (no shield)
rNeg     . . .     Faith    .   a - +3 plate armour
rPois    .         Spirit   .   (helmet restricted)
rElec    .         Reflect  +   r - +1 cloak
rCorr    .         Harm     .   (no gloves)
MR       .....                  (no boots)
Stlth    ..........             I - +2 amulet of reflection
HPRegen  0.27/turn              l - ring of protection from fire
MPRegen  0.12/turn              (no ring)

@: no status effects
A: retaliatory headbutt, horns 2
a: Berserk, Trog's Hand, Brothers in Arms, Burn Spellbooks, Renounce Religion


You were on level 14 of the Dungeon.
You worshipped Trog.
Trog was extremely pleased with you.
You were not hungry.

You visited 1 branch of the dungeon, and saw 14 of its levels.
You also visited: Sewer.

You collected 747 gold pieces.

Inventory:

Hand Weapons
 y - a +1 morningstar of protection (weapon)
 P - a +1 flail of crushing
Armour
 a - a +3 plate armour (worn)
 r - a +1 cloak (worn)
Jewellery
 d - an uncursed ring of protection from fire
 l - a ring of protection from fire (left hand)
 q - an uncursed amulet of guardian spirit
 C - an uncursed ring of positive energy
 I - a +2 amulet of reflection (around neck)
Wands
 z - a wand of random effects (59)
 D - a wand of iceblast (20)
 E - a wand of flame (31)
 K - a wand of paralysis (35)
Scrolls
 b - 2 scrolls of fog
 e - 7 scrolls of teleportation
 f - 2 scrolls of amnesia
 g - 6 scrolls of enchant armour
 h - 4 scrolls of random uselessness
 t - 6 scrolls of remove curse
 w - 3 scrolls of blinking
 A - 2 scrolls of fear
 B - a scroll of enchant weapon
 H - a scroll of torment
 Q - a scroll of acquirement {unknown}
Potions
 i - 3 potions of magic
 j - a potion of might {unknown}
 k - a potion of ambrosia {unknown}
 m - 2 potions of resistance {unknown}
 o - 5 potions of curing
 p - 2 potions of degeneration
 s - 2 potions of lignification {unknown}
 u - 2 potions of agility {unknown}
 v - 3 potions of flight {unknown}
 x - 3 potions of heal wounds {unknown}
 G - 3 potions of haste {unknown}
 O - a potion of mutation {unknown}
Miscellaneous
 J - a lamp of fire
Comestibles
 c - 34 rations


   Skills:
 + Level 8.4 Fighting
 * Level 19.8 Maces & Flails
 + Level 7.8 Armour
 + Level 7.1 Dodging


You had 11 spell levels left.
You didn't know any spells.

Dungeon Overview and Level Annotations

Branches:
Dungeon (14/15)            Temple (0/1) D:6            Lair (0/6) D:9
    Orc (0/2) D:11         Vaults (0/5) D:14

Altars:
Ashenzari
Dithmenos
Elyvilon
Fedhas
Gozag
Makhleb
Nemelex Xobeh
Okawaru
Qazlal
Ru
Sif Muna
Yredelemnul

Shops:
D:4 }   D:5 %   D:8 [   D:9 [

Portals:
Labyrinth: D:14


Innate Abilities, Weirdness & Mutations

You reflexively headbutt those who attack you in melee.
You have a pair of horns on your head.


Message History

Something hits you but does no damage.
You open the door.
A wizard comes into view. It is wielding a dagger.
The wizard shouts!
You hear a shout!
Something completely misses you. Something hits you but does no damage.
The wizard casts a spell at you. The bolt of cold hits you!
Found a gate to the Vaults.
A troll comes into view.
You close the door.
Something completely misses you. Something hits you but does no damage.
Something hits you!
Something unseen opens the door.
The wizard casts a spell at you. The bolt of cold hits you!
* * * LOW HITPOINT WARNING * * *
Something hits you but does no damage.
You feel better. Something hits you but does no damage.
The wizard gestures at you while chanting.
The crystal spear hits you!
You die...

* #.###.#.## *,,,,,* *,* * #.#
#))..## *,***,***,* ***#.#
#.....#####,*****,,,* ,,,..#
#......#..#,,,,**,*** ***###
#.....##..#***+**,*
*######...###..+,,,,**,#
#..........##'########.#
#.#####......)........=#*****
*,****#..∩#...@.........,,,,***
*,,........#..{......#.****,,,,
*,*####....#####'#####,* *****
***,* ##.#.#*,,..p.,**,* ,,,,**
#.#..*,T.∩...*,,*
**,*,****#.####.......#***
,,***,,,,..* #########
**,*,******* **,**


You could see a wizard.

Vanquished Creatures
  Nessos (D:13)
  A fire dragon (D:10)
  A centaur warrior (D:14)
  4 two-headed ogres
  2 unseen horrors (D:12)
  An orc knight (D:13)
  A deep elf mage (D:14)
  3 cyclopes
  A gargoyle (D:10)
  3 trolls
  2 komodo dragons
  The ghost of Jawreze the Conjurer, a novice DEWz of Vehumet (D:6)
  A hornet (D:9)
  Grinder (D:5)
  2 hippogriffs
  5 slime creatures (D:12)
  The ghost of snrub the Stinger, an amateur GrVM of Ashenzari (D:4)
  4 wyverns
  A shadow (D:11)
  A vampire (D:13)
  10 yaks
  2 wraiths
  A fire elemental (D:11)
  6 orc warriors
  4 ice beasts
  2 necrophages (D:8)
  2 sky beasts
  6 ogres
  10 centaurs
  A crocodile (D:11)
  3 big kobolds
  9 bullfrogs
  7 scorpions
  15 killer bees
  A howler monkey (D:7)
  22 wights
  An electric eel (D:10)
  2 crimson imps
  A centaur zombie (D:10)
  A jelly (D:10)
  2 quasits
  A bullfrog zombie (D:8)
  7 orc priests
  2 centaur skeletons
  7 hounds
  2 bullfrog skeletons
  13 orc wizards
  7 iguanas
  9 worker ants
  2 hound zombies
  A worker ant zombie (D:6)
  Robin (D:3)
  9 adders
  A river rat (Sewer)
  4 shadow imps
  3 adder skeletons
  2 adder zombies
  5 worms
  4 dart slugs
  5 leopard geckos
  32 orcs
  3 ball pythons
  3 giant cockroaches
  13 goblins
  7 hobgoblins
  7 jackals
  15 kobolds
  9 quokkas
  14 bats
  6 frilled lizards
  2 gnoll zombies (D:5)
  A jackal skeleton (D:7)
  A leopard gecko zombie (D:8)
  12 rats
355 creatures vanquished.

Vanquished Creatures (collateral kills)
  A bullfrog (D:10)
1 creature vanquished.

Grand Total: 356 creatures vanquished

Notes
Turn   | Place    | Note
-------+----------+-------------------------------------------
     0 | D:1      | diana the Minotaur Berserker began the quest for the Orb.
     0 | D:1      | Reached XP level 1. HP: 19/19 MP: 0/0
   117 | D:1      | Reached XP level 2. HP: 23/27 MP: 1/1
   212 | D:1      | Reached skill level 4 in Maces & Flails
   507 | D:2      | Reached XP level 3. HP: 32/33 MP: 2/2
   543 | D:2      | Reached skill level 5 in Maces & Flails
   565 | D:2      | Reached ** piety under Trog
   616 | D:2      | Reached XP level 4. HP: 27/40 MP: 3/3
   809 | D:2      | Found a burning altar of Makhleb.
  1177 | D:3      | Reached skill level 6 in Maces & Flails
  1677 | D:3      | Noticed Robin
  1683 | D:3      | Killed Robin
  1839 | D:3      | Reached *** piety under Trog
  1841 | D:3      | Reached XP level 5. HP: 32/46 MP: 4/4
  2183 | D:4      | Noticed a centaur
  2191 | D:4      | Killed a centaur
  2191 | D:4      | Reached skill level 7 in Maces & Flails
  2269 | D:4      | Reached skill level 8 in Maces & Flails
  2269 | D:4      | Reached XP level 6. HP: 30/52 MP: 5/5
  2379 | D:4      | Noticed snrub's ghost (amateur GrVM)
  2389 | D:4      | Killed snrub's ghost
  2389 | D:4      | Reached skill level 9 in Maces & Flails
  2488 | D:4      | Reached XP level 7. HP: 46/59 MP: 6/6
  2638 | D:4      | Found Ticusul's Gadget Boutique.
  2748 | D:5      | Entered Level 5 of the Dungeon
  2888 | D:5      | Reached skill level 10 in Maces & Flails
  2932 | D:5      | Noticed Grinder
  2940 | D:5      | Paralysed by Grinder for 2 turns
  2943 | D:5      | Killed Grinder
  2999 | D:5      | Found a basalt altar of Yredelemnul.
  3107 | D:5      | Reached skill level 11 in Maces & Flails
  3351 | D:5      | Found Comaril's Food Emporium.
  3633 | D:6      | Reached XP level 8. HP: 66/66 MP: 7/7
  3641 | D:6      | Reached **** piety under Trog
  3715 | D:6      | Reached skill level 12 in Maces & Flails
  3907 | D:6      | Found a shattered altar of Ashenzari.
  3907 | D:6      | Found a deep blue altar of Sif Muna.
  3962 | D:6      | Found a staircase to the Ecumenical Temple.
  4110 | D:6      | Found a glowing drain.
  4128 | Sewer    | Entered a sewer
  4217 | Sewer    | Found a white marble altar of Elyvilon.
  4319 | D:6      | Noticed Jawreze's ghost (novice DEWz)
  4336 | D:6      | Killed Jawreze's ghost
  4336 | D:6      | Reached skill level 13 in Maces & Flails
  4486 | D:6      | Reached ***** piety under Trog
  4987 | D:7      | Reached XP level 9. HP: 45/71 MP: 8/8
  5096 | D:7      | Reached skill level 14 in Maces & Flails
  5204 | D:7      | Received a gift from Trog
  5343 | D:7      | Found a sacrificial altar of Ru.
  5343 | D:7      | Found an opulent altar of Gozag.
  5343 | D:7      | Found a blossoming altar of Fedhas.
  5344 | D:7      | Found a white marble altar of Elyvilon.
  5925 | D:8      | Reached skill level 15 in Maces & Flails
  6369 | D:8      | Reached skill level 16 in Maces & Flails
  6459 | D:8      | Reached XP level 10. HP: 52/77 MP: 9/9
  6776 | D:8      | Found Feomes's Armour Shop.
  6813 | D:8      | Found an iron altar of Okawaru.
  7035 | D:9      | Received a gift from Trog
  7069 | D:9      | Found a stormy altar of Qazlal.
  7081 | D:9      | Paralysed by a hornet for 1 turns
  7178 | D:9      | Found a sparkling altar of Nemelex Xobeh.
  7247 | D:9      | Found a staircase to the Lair.
  7339 | D:9      | Reached skill level 17 in Maces & Flails
  7349 | D:9      | Found Caups's Antique Armour Emporium.
  7654 | D:9      | Found a shadowy altar of Dithmenos.
  7778 | D:10     | Entered Level 10 of the Dungeon
  7791 | D:10     | Noticed a fire dragon
  7808 | D:10     | Killed a fire dragon
  8358 | D:10     | Noticed a gargoyle
  8363 | D:10     | Killed a gargoyle
  8363 | D:10     | Reached skill level 18 in Maces & Flails
  8774 | D:11     | Noticed a two-headed ogre
  8785 | D:11     | Killed a two-headed ogre
  9017 | D:11     | Reached XP level 11. HP: 81/84 MP: 10/10
  9076 | D:11     | Reached skill level 5 in Fighting
  9178 | D:11     | Found a staircase to the Orcish Mines.
 10220 | D:12     | Reached skill level 5 in Armour
 10260 | D:12     | Noticed a two-headed ogre
 10277 | D:12     | Killed a two-headed ogre
 10388 | D:12     | Killed an unseen horror
 10388 | D:12     | Reached skill level 5 in Dodging
 10718 | D:12     | Reached skill level 19 in Maces & Flails
 11701 | D:12     | Killed an unseen horror
 11701 | D:12     | Received a gift from Trog
 11906 | D:13     | Reached XP level 12. HP: 76/99 MP: 11/11
 11965 | D:13     | Noticed a two-headed ogre
 11972 | D:13     | Noticed Nessos
 11973 | D:13     | Killed a two-headed ogre
 11982 | D:13     | Killed Nessos
 13559 | D:14     | Noticed a centaur warrior
 13573 | D:14     | Killed a centaur warrior
 13634 | D:14     | Found a labyrinth entrance.
 13640 | D:14     | Noticed a two-headed ogre
 13649 | D:14     | Killed a two-headed ogre
 13659 | D:14     | Found a gate to the Vaults.
 13663 | D:14     | Killed from afar by a wizard

Skill      XL: |  1  2  3  4  5  6  7  8  9 10 11 12 |
---------------+-------------------------------------+-----
Fighting       | 4 7 8 |  8.4
Maces & Flails | 4 5 6 8 9 11 13 16 18 19 | 19.8
Armour         | 3 6 7 |  7.8
Dodging        | 3 5 7 |  7.1

Action                   |  1- 3 |  4- 6 |  7- 9 | 10-12 || total
-------------------------+-------+-------+-------+-------++-------
Melee: Mace              |    67 |    87 |       |       ||   154
       Headbutt          |    10 |    24 |    47 |   131 ||   212
       Flail             |       |    21 |    16 |       ||    37
       Morningstar       |       |       |   352 |   538 ||   890
Invok: Berserk           |       |     2 |     1 |     5 ||     8
       Burn Spellbooks   |       |       |       |     6 ||     6
       Brothers in Arms  |       |       |       |     1 ||     1
  Use: Scroll            |       |       |    11 |     9 ||    20
       Potion            |       |       |       |     1 ||     1
 Stab: Sleeping          |     1 |     1 |       |       ||     2
  Eat: Chunk             |       |     5 |    13 |    20 ||    38
       Ration            |       |     1 |       |     2 ||     3
Armor: Animal skin       |    23 |    18 |     4 |       ||    45
       Plate armour      |       |       |   314 |   350 ||   664
Dodge: Dodged            |    54 |    63 |   164 |   194 ||   475
Block: Other             |       |       |       |    33 ||    33
       Reflection        |       |       |       |     1 ||     1
